 Dungeon Crawl Stone Soup version 0.21.1-1-g345015f (webtiles) character file.

527 nicolaieve the Cleaver (level 7, -3/57 HPs)
             Began as a Minotaur Berserker on July 16, 2018.
             Was a Priest of Trog.
             Slain by a two-headed ogre
             ... wielding a +0 giant club
              (8 damage)
             ... on level 4 of the Dungeon.
             The game lasted 00:11:07 (2331 turns).

nicolaieve the Cleaver (Minotaur Berserker)         Turns: 2331, Time: 00:11:08

Health: -3/57      AC: 12    Str: 24    XL:     7   Next: 2%
Magic:  6/6        EV:  7    Int:  4    God:    Trog [***...]
Gold:   251        SH:  0    Dex:  9    Spells: 6/6 levels left

rFire    . . .     SeeInvis .   q - +0 war axe
rCold    . . .     Gourm    .   (no shield)
rNeg     . . .     Faith    .   a - +0 plate armour
rPois    .         Spirit   .   (helmet restricted)
rElec    .         Reflect  .   o - +0 cloak
rCorr    .         Harm     .   (no gloves)
MR       ++...                  (no boots)
Stlth    ..........             (no amulet)
HPRegen  1.19/turn              (no ring)
MPRegen  0.10/turn              w - ring of flight

@: berserk cooldown, regenerating, slowed, very slow
A: retaliatory headbutt, horns 2
a: Berserk, Trog's Hand, Burn Spellbooks, Renounce Religion, Evoke Flight


You were on level 4 of the Dungeon.
You worshipped Trog.
Trog was most pleased with you.
You were very hungry.

You visited 1 branch of the dungeon, and saw 4 of its levels.

You collected 251 gold pieces.

Inventory:

Hand Weapons
 h - a +3 whip
 q - a +0 war axe (weapon)
 v - a +0 battleaxe
Armour
 a - a +0 plate armour (worn)
 o - a +0 cloak (worn)
Jewellery
 w - a ring of flight (right hand)
Wands
 i - a wand of random effects (23)
 u - a wand of digging (10)
Scrolls
 d - a scroll of noise {unknown}
 e - a scroll of random uselessness {unknown}
 j - 2 scrolls of identify {unknown}
 k - 2 scrolls of fog {unknown}
 l - a scroll of teleportation {unknown}
 n - a scroll of remove curse {unknown}
 r - a scroll of immolation {unknown}
Potions
 g - a potion of brilliance {unknown}
 m - 2 potions of heal wounds {unknown}
 p - a potion of flight {unknown}
 s - a potion of cancellation {unknown}
 t - a potion of curing {unknown}
Comestibles
 c - 12 rations
 f - 4 chunks of flesh


   Skills:
 - Level 3.6 Fighting
 + Level 9.6 Axes
 - Level 2.4 Armour
 - Level 2.1 Dodging


You had 6 spell levels left.
You didn't know any spells.

Dungeon Overview and Level Annotations

Branches:
Dungeon (4/15)
 Temple: D:4-7

Altars:
Ashenzari
Cheibriados
Dithmenos
Nemelex Xobeh
Okawaru
Vehumet
The Shining One


Innate Abilities, Weirdness & Mutations

You reflexively headbutt those who attack you in melee.
You have a pair of horns on your head.


Message History

Trog accepts your kill.
You have reached level 7!
You feel a strong urge to attack something.
You feel your anger nearly subside.
You are no longer berserk.
You are exhausted.
You feel yourself slow down.
You hear the brisk rusting of a distant drain.
Your skin crawls.
You feel resistant to hostile enchantments.
You are feeling very hungry.
The two-headed ogre hits you with a giant club!
* * * LOW HITPOINT WARNING * * *
The two-headed ogre hits you with a giant spiked club.
* * * LOW HITPOINT WARNING * * *
You slash the two-headed ogre!
The two-headed ogre is moderately wounded.
Your plate armour prevents you from hitting the orc.
The two-headed ogre hits you with a giant club!
You die...

#######........##...#....#
. # #.####......#.###..#
#.####......#......#
#.##......#.###.#.####
#.##.##...#...o......#
#.##.##.#.###..##.##.#
#... ...#..oo..##.# #
####.##.###O......# #
#...@o..##### ###.....#
#....=# #.....# #######


You could see a two-headed ogre and 4 orcs.

Vanquished Creatures
  Sigmund (D:3)
  A phantom (D:4)
  An ogre (D:4)
  A hound (D:4)
  Crazy Yiuf (D:3)
  Jessica (D:3)
  A worker ant (D:4)
  2 adders
  An adder skeleton (D:4)
  A worm (D:2)
  4 dart slugs
  3 leopard geckos
  3 bats
  5 giant cockroaches
  7 goblins
  7 hobgoblins
  6 jackals
  9 kobolds
  A quokka (D:2)
  A ball python (D:2)
  3 frilled lizards
  A leopard gecko skeleton (D:4)
  12 rats
  2 fungi (D:4)
75 creatures vanquished.

Vanquished Creatures (others)
  A fungus (D:4)
1 creature vanquished.

Grand Total: 76 creatures vanquished

Notes
Turn   | Place    | Note
-------+----------+-------------------------------------------
     0 | D:1      | nicolaieve the Minotaur Berserker began the quest for the Orb.
     0 | D:1      | Reached XP level 1. HP: 19/19 MP: 0/0
   145 | D:1      | Reached skill level 4 in Axes
   181 | D:1      | Reached XP level 2. HP: 5/26 MP: 1/1
   619 | D:1      | Reached skill level 5 in Axes
   668 | D:1      | Reached XP level 3. HP: 30/31 MP: 2/2
   783 | D:1      | Reached ** piety under Trog
  1020 | D:2      | Found a snail-covered altar of Cheibriados.
  1370 | D:2      | Reached XP level 4. HP: 39/39 MP: 3/3
  1379 | D:2      | Reached skill level 6 in Axes
  1383 | D:2      | Found a glowing golden altar of the Shining One.
  1574 | D:3      | Noticed Sigmund
  1581 | D:3      | Killed Sigmund
  1581 | D:3      | Reached skill level 7 in Axes
  1581 | D:3      | Reached XP level 5. HP: 45/45 MP: 4/4
  1652 | D:3      | Noticed Jessica
  1655 | D:3      | Killed Jessica
  1655 | D:3      | Reached skill level 8 in Axes
  1657 | D:3      | Found a shattered altar of Ashenzari.
  1657 | D:3      | Found an iron altar of Okawaru.
  1657 | D:3      | Found a shadowy altar of Dithmenos.
  1664 | D:3      | Found a sparkling altar of Nemelex Xobeh.
  1761 | D:3      | Found a radiant altar of Vehumet.
  1825 | D:3      | Reached XP level 6. HP: 51/51 MP: 5/5
  1908 | D:3      | Found a runed door.
  2039 | D:3      | Noticed Crazy Yiuf
  2042 | D:3      | Killed Crazy Yiuf
  2198 | D:4      | Reached *** piety under Trog
  2198 | D:4      | Reached skill level 9 in Axes
  2313 | D:4      | Noticed a two-headed ogre
  2316 | D:4      | Reached XP level 7. HP: 12/57 MP: 6/6
  2331 | D:4      | Slain by a two-headed ogre

Skill      XL: |  1  2  3  4  5  6 |
---------------+-------------------+-----
Axes           | 4 5 7 8 9 |  9.6
Fighting       | |  3.6
Armour         | |  2.4
Dodging        | |  2.1

Action                   |  1- 3 |  4- 6 |  7- 9 || total
-------------------------+-------+-------+-------++-------
Melee: Hand axe          |    89 |     7 |       ||    96
       Headbutt          |    14 |    17 |       ||    31
       War axe           |       |    51 |     1 ||    52
Invok: Berserk           |       |     2 |       ||     2
       Trog's Hand       |       |       |     1 ||     1
  Eat: Chunk             |     1 |     5 |       ||     6
Armor: Animal skin       |     3 |       |       ||     3
       Ring mail         |    22 |     3 |       ||    25
       Plate armour      |       |    17 |       ||    17
Dodge: Dodged            |    56 |    12 |       ||    68
